 Dungeon Crawl Stone Soup version 0.28-a0-991-g956f0ee3d5 (webtiles) character file.

Game seed: 17167772894491844949

3721 gimp the Thaumaturge (level 10, -5/50 HPs)
             Began as a Tengu Earth Elementalist on Dec 5, 2021.
             Was a Believer of Sif Muna.
             Slain by a manticore (12 damage)
             ... on level 9 of the Dungeon.
             The game lasted 00:12:39 (9943 turns).

gimp the Thaumaturge (Tengu Earth Elementalist)     Turns: 9943, Time: 00:12:40

Health: -5/50      AC:  7    Str:  9    XL:     10   Next: 14%
Magic:  4/23       EV: 14    Int: 19    God:    Sif Muna [**....]
Gold:   263        SH:  0    Dex: 15    Spells: 18/26 levels left

rFire   . . .      SeeInvis .   b - staff of earth
rCold   . . .      Faith    .   (no shield)
rNeg    . . .      Spirit   .   w - +0 robe
rPois   .          Reflect  .   (helmet restricted)
rElec   .          Harm     .   (no cloak)
rCorr   .          Rampage  .   H - +0 pair of gloves
Will    .....                   (boots unavailable)
Stlth   ++........              (no amulet)
HPRegen 0.16/turn               g - +4 ring of protection
MPRegen 0.18/turn               k - ring of wizardry

@: flying quickly and evasively, very slightly contaminated, hasted, very quick
A: beak, talons 3, nimble flight
a: Renounce Religion, Channel Magic


You were on level 9 of the Dungeon.
You worshipped Sif Muna.
Sif Muna was pleased with you.
You visited 2 branches of the dungeon, and saw 10 of its levels.

You collected 263 gold pieces.

Inventory:

Hand Weapons
 a - a +4 dagger of draining
 F - a +0 club
Missiles
 c - 121 stones
 e - a curare-tipped dart
Armour
 w - a +0 robe (worn)
 H - a +0 pair of gloves (worn)
Magical Staves
 b - a staff of earth (weapon)
 I - a staff of fire
 K - a staff of cold
Jewellery
 g - a +4 ring of protection (left hand)
 k - a ring of wizardry (right hand)
 m - a ring of protection from cold
 o - a ring of poison resistance
 v - a ring of protection from fire
Wands
 s - a wand of paralysis (1)
 J - a wand of iceblast (6)
Scrolls
 d - 2 scrolls of teleportation
 q - 2 scrolls of immolation {unknown}
 r - 2 scrolls of enchant weapon {unknown}
 t - 2 scrolls of fog
 u - 2 scrolls of fear {unknown}
 y - a scroll of blinking
 D - 2 scrolls of silence
 E - a scroll of brand weapon
Potions
 f - a potion of haste
 h - 2 potions of curing {unknown}
 j - 2 potions of brilliance {unknown}
 l - 3 potions of magic {unknown}
 n - 2 potions of flight {unknown}
 p - 2 potions of mutation {unknown}
 x - a potion of might {unknown}
 z - 3 potions of heal wounds {unknown}
 A - a potion of lignification {unknown}
 B - 2 potions of attraction {unknown}
 G - a potion of berserk rage {unknown}


   Skills:
 + Level 0.0 Fighting
 - Level 2.1 Dodging
 - Level 2.0 Stealth
 * Level 8.7 Spellcasting
 - Level 8.0 Conjurations
 + Level 4.3 Transmutations
 - Level 6.0 Earth Magic


You had 18 spell levels left.
You knew the following spells:

 Your Spells              Type           Power      Damage    Failure   Level
a - Sandblast             Erth           92%        2d19      1%          1
b - Stone Arrow           Conj/Erth      100%       3d13      1%          3
c - Petrify               Tmut/Erth      41%        N/A       4%          4

Your spell library contained the following spells:

 Spells                   Type           Power      Damage    Failure   Level
 Beastly Appendage        Tmut           48%        N/A       1%          1
 Sting                    Tmut/Pois      64%        1d6       1%          1
 Passwall                 Tmut/Erth      34%        N/A       1%          2
 Wereblood                Tmut           24%        N/A       1%          2
 Spider Form              Tmut/Pois      16%        N/A       4%          3
 Poisonous Vapours        Pois/Air       16%        N/A       5%          2
 Olgreb's Toxic Radiance  Pois           8%         N/A       32%         4


Dungeon Overview and Level Annotations

Branches:
Dungeon (9/15)             Temple (1/1) D:4
   Lair: D:8-11         Orc: D:9-12

Altars:
Ashenzari
Cheibriados
Dithmenos
Elyvilon
Fedhas
Gozag
Hepliaklqana
Kikubaaqudgha
Makhleb
Nemelex Xobeh
Okawaru
Qazlal
Ru
Sif Muna
Trog
Uskayaw
Wu Jian
Xom
Zin
The Shining One


Innate Abilities, Weirdness & Mutations

You have a beak for a mouth.
You have claws for feet.
Your magical nature lets you fly swiftly and evasively.


Message History

You feel a surge of power!
You miscast Petrify.
You are very lightly contaminated with residual magic.
You are caught in an explosion of flying shrapnel.
You now have 19/23 mp.
Casting: Petrify (dangerous; 4% risk of failure)
Confirm with . or Enter, or press ? or * to list all spells.
Aiming: Petrify (dangerous; 4% risk of failure)
Press: ? - help, Shift-Dir - straight line, f/p - manticore
Aim: a manticore (chance to affect: 50%)
You feel a surge of power!
The manticore resists with some effort.
You now have 15/23 mp.
Casting: Petrify (dangerous; 4% risk of failure)
Confirm with . or Enter, or press ? or * to list all spells.
Aiming: Petrify (dangerous; 4% risk of failure)
Press: ? - help, Shift-Dir - straight line, f/p - manticore
Aim: a manticore (chance to affect: 50%)
You feel a surge of power!
The manticore resists with some effort.
The manticore bites you! The manticore claws you.
The manticore claws you but does no damage.
You take 19 damage, and have 31/50 hp.
MASSIVE DAMAGE!!
You now have 11/23 mp.
Casting: Petrify (dangerous; 4% risk of failure)
Confirm with . or Enter, or press ? or * to list all spells.
Aiming: Petrify (dangerous; 4% risk of failure)
Press: ? - help, Shift-Dir - straight line, f/p - manticore
Aim: a manticore (chance to affect: 50%)
You feel a surge of power!
The manticore is moving more slowly.
The manticore misses you. The manticore claws you. x2
You take 9 damage, and have 22/50 hp.
You now have 7/23 mp.
Casting: Petrify (dangerous; 4% risk of failure)
Confirm with . or Enter, or press ? or * to list all spells.
Aiming: Petrify (dangerous; 4% risk of failure)
Press: ? - help, Shift-Dir - straight line, f/p - manticore
Aim: a manticore (petrifying slowly, chance to affect: 50%)
You feel a surge of power!
You miscast Petrify.
Nothing appears to happen.
The manticore bites you!
* * * LOW HITPOINT WARNING * * *
The manticore barely misses you. The manticore misses you.
You take 15 damage, and have 7/50 hp.
MASSIVE DAMAGE!!
You now have 4/23 mp.
It was a potion of haste.
You feel yourself speed up. The manticore bites you!
You die...

####>...#
##......# #.
##.#.#..# #.
......#.#####.##
##.#.#.........$
#..............
####...#####...
##.....##
#..H#######
#.......#
#.=.@.....#
#.....(.#
##.######.#
#.......# # #.#
##......# #.#
##...#.# #.# #.#
#####.# #.# #.#
#.# #.# #.#
#.####.# #.#
#...##.# #.#


You could see a manticore (petrifying).

Vanquished Creatures
  A komodo dragon (D:7)
  A kobold demonologist (D:7)
  A hornet (D:7)
  A slime creature (D:7)
  An acid dragon (D:7)
  2 water moccasins
  An orc warrior (D:6)
  3 sky beasts
  A black bear (D:5)
  2 ice beasts
  2 ogres
  2 centaurs
  A kobold brigand (D:8)
  3 bullfrogs
  3 scorpions
  A wyvern skeleton (D:6)
  5 killer bees (D:8)
  A bullfrog zombie (D:6)
  3 hounds
  A gnoll shaman (D:8)
  A jelly (D:4)
  An orc priest (D:7)
  2 centaur skeletons
  2 centaur zombies (D:8)
  Jessica (D:3)
  Ijyb (D:3)
  Terence (D:3)
  An iguana (D:5)
  9 orc wizards
  3 gnolls (D:8)
  3 adders
  A shadow imp (D:7)
  A white imp (D:7)
  An ufetubus (D:7)
  An adder skeleton (D:4)
  4 dart slugs
  21 orcs
  9 ball pythons
  10 endoplasms
  6 giant cockroaches
  9 hobgoblins
  A quokka (D:3)
  6 bats
  2 frilled lizards
  5 goblins
  12 kobolds
  8 rats
158 creatures vanquished.

Notes
Turn   | Place    | Note
-------+----------+-------------------------------------------
     0 | D:1      | gimp the Tengu Earth Elementalist began the quest for the
                  | Orb.
     0 | D:1      | Reached XP level 1. HP: 10/10 MP: 4/4
   160 | D:1      | Reached XP level 2. HP: 10/15 MP: 1/6
   593 | D:1      | Found a faded altar of an unknown god.
   715 | D:1      | You fall into a shaft and drop 1 floor!
   771 | D:2      | Reached XP level 3. HP: 19/19 MP: 5/7
  1332 | D:2      | Learned a level 3 spell: Stone Arrow
  1674 | D:3      | Noticed Jessica
  1680 | D:3      | Killed Jessica
  1681 | D:3      | Reached skill level 1 in Conjurations
  1681 | D:3      | Reached XP level 4. HP: 24/24 MP: 5/9
  1741 | D:3      | Noticed an ice beast
  1775 | D:3      | Killed an ice beast
  1776 | D:3      | Gained mutation: Your magical nature lets you fly swiftly
                  | and evasively. [Tengu growth]
  1776 | D:3      | Reached XP level 5. HP: 15/28 MP: 0/10
  2088 | D:3      | Noticed a sky beast
  2112 | D:3      | Noticed Ijyb
  2400 | D:3      | Killed a sky beast
  2401 | D:3      | Reached XP level 6. HP: 32/32 MP: 4/11
  2476 | D:3      | Killed Ijyb
  2734 | D:3      | Noticed Terence
  2738 | D:3      | Killed Terence
  3419 | D:4      | Found a staircase to the Ecumenical Temple.
  3438 | Temple   | Entered the Ecumenical Temple
  3620 | Temple   | Became a worshipper of Sif Muna the Loreminder
  4042 | D:4      | Reached XP level 7. HP: 36/36 MP: 6/13
  4455 | D:5      | Entered Level 5 of the Dungeon
  4494 | D:5      | Reached skill level 5 in Conjurations
  4969 | D:5      | Reached skill level 5 in Earth Magic
  4969 | D:5      | Reached XP level 8. HP: 38/41 MP: 3/15
  5398 | D:6      | Reached * piety under Sif Muna
  5904 | D:6      | Reached skill level 5 in Spellcasting
  6543 | D:7      | Noticed a hornet
  6547 | D:7      | Killed a hornet
  6548 | D:7      | Reached skill level 1 in Transmutations
  6661 | D:7      | Reached XP level 9. HP: 43/45 MP: 5/19
  7075 | D:7      | Noticed a +0 hand axe
  7176 | D:7      | Found a sacrificial altar of Ru.
  7200 | D:7      | Noticed a +0 dagger
  7203 | D:7      | Found a hide-covered altar of Uskayaw.
  7383 | D:7      | Noticed a komodo dragon
  7384 | D:7      | Noticed a kobold demonologist
  7394 | D:7      | Killed a komodo dragon
  7634 | D:7      | Learned a level 4 spell: Petrify
  7767 | D:7      | Noticed an orange demon
  7813 | D:7      | Noticed a sun demon
  7814 | D:7      | Killed a kobold demonologist
  8398 | D:8      | Reached ** piety under Sif Muna
  8793 | D:8      | Found an iron altar of Okawaru.
  8803 | D:8      | Reached XP level 10. HP: 50/50 MP: 16/23
  9398 | D:8      | Found a hazy altar of Hepliaklqana.
  9937 | D:9      | Noticed a manticore
  9943 | D:9      | Slain by a manticore

Illustrated notes

Levels and vault maps discovered:
D:1:      shiori_shiawase, layout_basic, dreamdust_ecumenical_altar_statues
D:2:      layout_loops_ring, kennysheep_generic_room_5
D:3:      minmay_door_path, layout_basic, uniq_ijyb, uniq_terence, uniq_jessica
D:4:      layout_loops_cross, minmay_temple_entry_grid
D:5:      layout_basic, minmay_strange_pillars
D:6:      layout_loops_ring
D:7:      minmay_blocky_corners, layout_basic, dancing_weapons_uskayaw,
          nicolae_ru_the_path_less_chosen
D:8:      layout_loops_ring, old_standard_altar,
          nicolae_hepliaklqana_hippocampus
D:9:      layout_loops_ring, lemuel_doored_altar, mainiacjoe_overflow_alcove_2,
          kennysheep_boxes
Temple:   nicolae_temple_elliptical

Skill      XL: |  1  2  3  4  5  6  7  8  9 10 |
---------------+-------------------------------+-----
Earth Magic    | 3 4 5 6 |  6.0
Conjurations   | 1 2 3 4 6 8 |  8.0
Spellcasting   | 3 4 6 8 |  8.7
Transmutations | 1 3 4 |  4.3
Dodging        | |  2.1
Stealth        | |  2.0

Action                   |  1- 3 |  4- 6 |  7- 9 | 10-12 || total
-------------------------+-------+-------+-------+-------++-------
Melee: Kick              |     4 |     1 |    13 |       ||    18
       Unarmed           |     1 |       |       |       ||     1
       Dagger            |    11 |    11 |    21 |       ||    43
       Peck              |     2 |     1 |     3 |       ||     6
       Staff             |       |       |    30 |       ||    30
 Cast: Sandblast         |    63 |    27 |     4 |       ||    94
       Stone Arrow       |       |    31 |   100 |    15 ||   146
       Petrify           |       |       |     1 |     3 ||     4
Evoke: Wand              |       |       |     1 |       ||     1
  Use: Scroll            |       |       |     6 |     1 ||     7
       Potion            |       |       |       |     1 ||     1
 Stab: Petrified         |       |       |     8 |       ||     8
Armor: Robe              |     9 |     2 |    29 |     5 ||    45
Dodge: Dodged            |    19 |    18 |    60 |     4 ||   101

Table legend: (Time is in decaauts)
 A = Elapsed time spent in this place.
 B = Non-inter-level travel time spent in this place.
 C = Inter-level travel time spent in this place.
 D = Time resting spent in this place.
 E = Time spent auto-exploring this place.
 F = Levels seen in this place.
 G = Mean time per level.
                   A        B        C        D        E       F      G
               +--------+--------+--------+--------+--------+-----+--------+
         Total |   9538 |   9366 |    172 |    453 |   7671 |  10 |  953.8 |
       Dungeon |   9348 |   9197 |    151 |    453 |   7527 |   9 | 1038.7 |
        Temple |    190 |    170 |     20 |      0 |    144 |   1 |  190.0 |
               +--------+--------+--------+--------+--------+-----+--------+

Top non-repeatable levels by time:
     D:7: 2022 daAuts
     D:3: 1639 daAuts
     D:8: 1434 daAuts
     D:6: 1009 daAuts
     D:2: 988 daAuts
     D:4: 773 daAuts
     D:1: 714 daAuts
     D:5: 606 daAuts
  Temple: 190 daAuts
     D:9: 159 daAuts
